 Dungeon Crawl Stone Soup version 0.27.1-3-gb3d3a73c9e (webtiles) character file.

Game seed: 9303946210934391724

701 pkoi the Ruffian (level 7, -2/66 HPs)
             Began as a Troll Fighter on Oct 19, 2021.
             Slain by Pikel (5 damage)
             ... on level 4 of the Dungeon.
             The game lasted 00:03:48 (2717 turns).

pkoi the Ruffian (Troll Fighter)                    Turns: 2717, Time: 00:03:48

Health: -2/66      AC:  4    Str: 27    XL:     7   Next: 38%
Magic:  6/6        EV:  8    Int:  4    God:
Gold:   144        SH: 10    Dex:  9    Spells: 6/6 levels left

rFire    . . .     SeeInvis .     - Unarmed
rCold    . . .     Faith    .   b - +1 kite shield
rNeg     . . .     Spirit   .   a - +0 robe
rPois    .         Reflect  .   (helmet restricted)
rElec    .         Harm     .   (no cloak)
rCorr    .         Rampage  .   (gloves unavailable)
Will     .....                  (boots unavailable)
Stlth    +.........             o - amulet of regeneration
HPRegen  2.21/turn              (no ring)
MPRegen  0.10/turn              (no ring)

@: flying
A: large, unfitting armour, claws 3, regeneration 1, shaggy fur 1, tough skin 1
a: no special abilities


You were on level 4 of the Dungeon.
You visited 1 branch of the dungeon, and saw 4 of its levels.

You collected 144 gold pieces.

Inventory:

Missiles
 g - 7 poisoned darts (quivered)
Armour
 a - a +0 robe (worn)
 b - a +1 kite shield (worn)
Jewellery
 o - an amulet of regeneration (around neck)
Wands
 m - a wand of paralysis (7)
Scrolls
 f - 2 scrolls of magic mapping
 i - 3 scrolls of identify
 j - 6 scrolls of teleportation
Potions
 c - a potion of might
 d - a potion of curing {unknown}
 e - a potion of ambrosia
 l - a potion of flight


   Skills:
 - Level 2.4 Fighting
 - Level 2.4 Dodging
 + Level 4.5 Shields
 * Level 6.9 Unarmed Combat


You had 6 spell levels left.
You didn't know any spells.
Your spell library contained the following spells:

 Spells                   Type           Power      Damage    Failure   Level
 Cause Fear               Hex            0%         N/A       100%        4
 Dragon Form              Tmut           0%         N/A       100%        7
 Dragon's Call            Summ           0%         N/A       100%        9


Dungeon Overview and Level Annotations

Branches:
Dungeon (4/15)
 Temple: D:4-7

Altars:

Annotations:
D:4 Pikel


Innate Abilities, Weirdness & Mutations

You are too large for most types of armour.
You have claws for hands.
Your natural rate of healing is unusually fast.
You are covered in fur. (AC +1)
You have tough skin. (AC +1)


Message History

Pikel freezes you.
You barely miss Pikel.
Pikel is lightly wounded.
Pikel hits you with a +0 whip of freezing.
Pikel freezes you.
Unknown command.
You scratch Pikel.
Pikel is moderately wounded.
Pikel closely misses you.
Pikel hits you with a +0 whip of freezing!
* * * LOW HITPOINT WARNING * * *
Pikel freezes you.
* * * LOW HITPOINT WARNING * * *
You closely miss Pikel.
Pikel is moderately wounded.
You block Pikel's attack.
You closely miss Pikel.
Pikel is moderately wounded.
Pikel hits you with a +0 whip of freezing!
* * * LOW HITPOINT WARNING * * *
Pikel freezes you.
* * * LOW HITPOINT WARNING * * *
Pikel hits you with a +0 whip of freezing!
* * * LOW HITPOINT WARNING * * *
Pikel freezes you.
* * * LOW HITPOINT WARNING * * *
You scratch Pikel but do no damage.
Pikel is moderately wounded.
Pikel hits you with a +0 whip of freezing.
* * * LOW HITPOINT WARNING * * *
Pikel freezes you.
* * * LOW HITPOINT WARNING * * *
You block Pikel's attack.
Unknown command.
It was a potion of flight.
You feel very buoyant.
You fly up into the air.
Pikel says, "You'll feel the lick of my whip!"
Pikel hits you with a +0 whip of freezing.
You die...

* **,* #.......# #..,...##*****,
***,****#.#####.# #####..#******,
,*,,,,,,,,* #.###.....,,,,,,,,,
*,*,*****,* #.....#.#,,*******,
***,* *,,,* #.......#,,* *, *,*
*,*,****#.##..###..# *, *,*
*,*,,,,...##.......# *,
***,***,***#.#####.####..# *,
,,,,,,,,* #,*#.@K5......# *,
***,********,*#.##.#####.# *,
**,,,,,,,,,,,...#...#***,* *,
,,,,,,,,,,,..####.....,,,* *,
,,,,,*****##,**,......#*********,
***,********,**....)....,,,,,,,,,
*,,,,,,>,,,*#.......###********
************###...### *,,,*


You could see Pikel (fast) and a lemure.

Vanquished Creatures
  Grinder (D:3)
  Sigmund (D:3)
  An ogre (D:4)
  A lemure (D:4)
  A scorpion (D:4)
  Ijyb (D:3)
  Natasha (D:3)
  Terence (D:2)
  3 adders
  3 gnolls (D:3)
  2 worms (D:2)
  2 dart slugs (D:1)
  6 orcs (D:3)
  9 ball pythons
  7 endoplasms
  2 giant cockroaches (D:1)
  8 goblins
  4 hobgoblins
  3 jackals (D:3)
  3 quokkas
  6 bats
  4 frilled lizards
  3 kobolds (D:2)
  9 rats
82 creatures vanquished.

Notes
Turn   | Place    | Note
-------+----------+-------------------------------------------
     0 | D:1      | pkoi the Troll Fighter began the quest for the Orb.
     0 | D:1      | Reached XP level 1. HP: 22/22 MP: 0/0
   128 | D:1      | Reached XP level 2. HP: 29/29 MP: 1/1
   479 | D:1      | Reached skill level 3 in Unarmed Combat
   789 | D:2      | Reached XP level 3. HP: 29/36 MP: 2/2
   988 | D:2      | Found a faded altar of an unknown god.
  1351 | D:2      | Noticed Terence
  1362 | D:2      | Killed Terence
  1363 | D:2      | Reached XP level 4. HP: 35/44 MP: 3/3
  1412 | D:2      | Reached skill level 4 in Unarmed Combat
  1620 | D:3      | Noticed Ijyb
  1627 | D:3      | Killed Ijyb
  1659 | D:3      | Reached XP level 5. HP: 50/50 MP: 4/4
  1943 | D:3      | Noticed Sigmund
  1957 | D:3      | Killed Sigmund
  1958 | D:3      | Reached skill level 5 in Unarmed Combat
  1958 | D:3      | Reached XP level 6. HP: 50/59 MP: 5/5
  2242 | D:3      | Noticed Grinder
  2242 | D:3      | Noticed Natasha
  2247 | D:3      | Killed Natasha
  2251 | D:3      | Paralysed by Grinder for 4 turns
  2257 | D:3      | Killed Grinder
  2258 | D:3      | Reached skill level 6 in Unarmed Combat
  2258 | D:3      | Reached XP level 7. HP: 42/66 MP: 6/6
  2703 | D:4      | Noticed Pikel
  2716 | D:4      | HP: 3/66 [Pikel (6)]
  2716 | D:4      | HP: 1/66 [Pikel (2)]
  2717 | D:4      | Slain by Pikel

Illustrated notes

Levels and vault maps discovered:
D:1:      nagdon_arrival_double_spiral, layout_loops_ring
D:2:      layout_loops_corners, hellmonk_ecumenical_altar_lost_god,
          minmay_unequal, uniq_terence
D:3:      minmay_thinvault, layout_loops_cross, gammafunk_temple_overflow_pools,
          uniq_robin, uniq_crazy_yiuf_cottage, uniq_ijyb, uniq_natasha,
          uniq_grinder, uniq_sigmund
D:4:      layout_loops_ring, uniq_pikel, uniq_duvessa

Skill      XL: |  1  2  3  4  5  6 |
---------------+-------------------+-----
Unarmed Combat | 3 4 5 6 |  6.9
Shields        | 3 4 |  4.5
Fighting       | |  2.4
Dodging        | |  2.4

Action                   |  1- 3 |  4- 6 |  7- 9 || total
-------------------------+-------+-------+-------++-------
Melee: Unarmed           |   132 |    78 |    26 ||   236
  Use: Scroll            |       |     2 |     5 ||     7
       Potion            |       |       |     1 ||     1
 Stab: Sleeping          |       |     2 |       ||     2
Armor: Robe              |    39 |    26 |     1 ||    66
Dodge: Dodged            |    37 |    14 |     4 ||    55
Block: Kite shield       |    74 |    33 |    14 ||   121
